 Dungeon Crawl Stone Soup version 0.23-a0-396-g5214e5f (webtiles) character file.

51 MisterFreud the Skirmisher (level 3, -3/36 HPs)
             Began as a Minotaur Abyssal Knight on Nov 2, 2018.
             Was a Believer of Lugonu.
             Slain by a gnoll
             ... wielding a +0 halberd
              (11 damage)
             ... on level 4 of the Dungeon.
             The game lasted 00:01:41 (1037 turns).

MisterFreud the Skirmisher (MiAK)                   Turns: 1037, Time: 00:01:42

Health: -3/36      AC:  3    Str: 17    XL:     3   Next: 58%
Magic:  2/3        EV: 11    Int:  9    God:    Lugonu [**....]
Gold:   80         SH:  0    Dex:  9    Spells: 2/2 levels left

rFire    . . .     SeeInvis .   a - +1 falchion
rCold    . . .     Gourm    .   (no shield)
rNeg     . . .     Faith    .   b - +0 leather armour
rPois    .         Spirit   .   (helmet restricted)
rElec    .         Reflect  .   (no cloak)
rCorr    .         Harm     .   (no gloves)
MR       .....                  (no boots)
Stlth    +.........             (no amulet)
HPRegen  0.12/turn              (no ring)
MPRegen  0.08/turn              (no ring)

@: no status effects
A: retaliatory headbutt, horns 2
a: Depart the Abyss, Bend Space, Renounce Religion


You were on level 4 of the Dungeon.
You worshipped Lugonu.
Lugonu was pleased with you.
You were not hungry.

You visited 1 branch of the dungeon, and saw 3 of its levels.
You visited the Abyss 1 time.

You collected 80 gold pieces.

Inventory:

Hand Weapons
 a - a +1 falchion (weapon)
Armour
 b - a +0 leather armour (worn)
Scrolls
 d - a scroll of fog
 e - a scroll of identify
Potions
 f - a potion of lignification {unknown}
 g - a potion of degeneration {unknown}
 h - 2 potions of agility {unknown}
 i - a potion of heal wounds {unknown}
 j - a potion of mutation {unknown}
Comestibles
 c - 3 rations


   Skills:
 + Level 5.6 Fighting
 - Level 2.4 Long Blades
 - Level 2.4 Armour
 - Level 1.1 Dodging
 - Level 1.7 Invocations


You had 2 spell levels left.
You didn't know any spells.
Your spell library was empty.

Dungeon Overview and Level Annotations

Branches:
Dungeon (2/15)

Altars:


Innate Abilities, Weirdness & Mutations

You reflexively headbutt those who attack you in melee.
You have a pair of horns on your head.


Message History

A gnoll comes into view. It is wielding a +0 halberd.
The gnoll shouts!
A worker ant comes into view.
The gnoll hits you from afar with a +0 halberd!
The gnoll shaman hits you with a +0 club!
The gnoll hits you from afar with a +0 halberd!
* * * LOW HITPOINT WARNING * * *
As you read the scroll labeled OXUREF HIHYW, it crumbles to dust.
It is a scroll of identify.
d - a scroll of fog
Okay, then.
Unknown command.
Unknown command.
Unknown command.
Okay, then.
Unknown command.
Space bends around you!
You blink.
A worm comes into view.
The gnoll hits you with a +0 halberd!
You die...

.. #w
#... ...
#.. #..
#.###
#.@.#
#gg.#
#...#
##g##
#..g#
#g..a.
#...##.#
##### #


You could see a gnoll shaman, a worm and 4 gnolls.

Vanquished Creatures
  2 adders (D:2)
  An ooze (D:1)
  A worm (D:2)
  A dart slug (D:1)
  2 leopard geckos
  A ball python (D:2)
  2 goblins (D:2)
  6 hobgoblins
  A bat (D:2)
  2 frilled lizards (D:1)
  A kobold (D:1)
  3 rats (D:1)
23 creatures vanquished.

Notes
Turn   | Place    | Note
-------+----------+-------------------------------------------
     0 | Abyss:1  | MisterFreud the Minotaur Abyssal Knight began the quest for
                  | the Orb.
     0 | Abyss:1  | Reached XP level 1. HP: 19/19 MP: 1/1
    19 | D:1      | Escaped the Abyss
    83 | D:1      | Reached skill level 4 in Fighting
    92 | D:1      | Reached XP level 2. HP: 23/28 MP: 2/2
   684 | D:2      | Reached skill level 5 in Fighting
   721 | D:2      | Reached XP level 3. HP: 26/36 MP: 3/3
   797 | D:2      | Reached ** piety under Lugonu
  1034 | D:2      | You fall through a shaft for 2 floors!
  1037 | D:4      | Slain by a gnoll

Vault maps used:
D:1:      evilmike_arrival_plus
D:2:      bh_walls_and_bars
D:4:      first_ration

Skill      XL: |  1  2 |
---------------+-------+-----
Fighting       | 4 5 |  5.6
Long Blades    | |  2.4
Armour         | |  2.4
Dodging        | |  1.1
Invocations    | |  1.7

Action                   || total
-------------------------++-------
Melee: Falchion          ||    57
       Headbutt          ||     9
Invok: Bend Space        ||     1
  Use: Scroll            ||     1
Armor: Leather armour    ||    11
Dodge: Dodged            ||    27
       Rpst.: Falchion   ||     9

Table legend:
 A = Non-vault XP
 B = Vault XP
 C = Vault XP percentage of total XP
 D = Non-vault monster count
 E = Vault monster count
 F = Vault count percentage of total count
                 A         B        C        D         E       F
            +---------+---------+-------+---------+---------+-------
      Total |      74 |       0 |   0.0 |      23 |       0 |   0.0
            +---------+---------+-------+---------+---------+-------
        D:1 |      30 |       0 |   0.0 |      14 |       0 |   0.0
        D:2 |      44 |       0 |   0.0 |       9 |       0 |   0.0
            +---------+---------+-------+---------+---------+-------
